 Dungeon Crawl Stone Soup version 0.32-a0-765-gfba4d74c8c (webtiles) character file.

Game seed: 10605442920173546936

861 Nattfarinn the Magician (level 8, -12/48 HPs)
             Began as a Gargoyle Earth Elementalist on Mar 18, 2024.
             Mangled by a gnoll sergeant
             ... wielding a +0 trident
              (16 damage)
             ... on level 6 of the Dungeon.
             The game lasted 00:08:33 (4591 turns).

Nattfarinn the Magician (GrEE)                      Turns: 4591, Time: 00:08:34

Health: -12/48     AC:  7    Str: 13    XL:     8   Next: 2%
Magic:  10/17      EV: 11    Int: 17    God:
Gold:   61         SH:  0    Dex: 10    Spells: 18/19 levels left

rFire   . . .        r - +1 whip (elec)
rCold   . . .        (no shield)
rNeg    + . .        a - +0 robe
rPois   ∞            (no helmet)
rElec   +            (no cloak)
rCorr   .            (no gloves)
SInv    .            (no boots)
Will    .....        (no amulet)
Stlth   ++           (no ring)
HPRegen 0.28/turn    (no ring)
MPRegen 0.15/turn

%: no passive effects
@: no status effects
A: sickness immunity, AC +5, negative energy resistance 1, electricity
resistance, torment resistance 1, petrification resistance
a: no special abilities


You were on level 6 of the Dungeon.
You visited 1 branch of the dungeon, and saw 6 of its levels.

You collected 246 gold pieces.
You spent 185 gold pieces at shops.

Inventory:

Hand Weapons
 r - a +1 whip of electrocution (weapon)
 s - a +1 trident of venom
Missiles
 u - a throwing net
Armour
 a - a +0 robe (worn)
 h - a +0 pair of gloves
Wands
 l - a wand of roots (6)
 n - a wand of light (9)
Scrolls
 d - a scroll of revelation
 e - a scroll of teleportation
 i - 2 scrolls of immolation
 m - a scroll of amnesia
 o - a scroll of enchant armour {unknown}
 p - a scroll of noise
 q - a scroll of blinking
 v - a scroll of vulnerability {unknown}
Potions
 b - a potion of magic
 c - a potion of berserk rage {unknown}
 f - a potion of brilliance
 g - 3 potions of heal wounds {unknown}
 j - 2 potions of invisibility
 t - a potion of enlightenment {unknown}


   Skills:
 - Level 4.6 Fighting
 - Level 1.5 Dodging
 - Level 2.1 Stealth
 + Level 6.4 Spellcasting
 - Level 1.1 Conjurations
 * Level 5.4 Earth Magic


You had 18 spell levels left.
You knew the following spells:

 Your Spells              Type           Power      Damage    Failure   Level
a - Sandblast             Erth           48%        2d12      1%          1

Your spell library contained the following spells:

 Spells                   Type           Power      Damage    Failure   Level
 Passwall                 Erth           24%        N/A       4%          3
 Stone Arrow              Conj/Erth      32%        3d9       10%         3
 Brom's Barrelling Bould  Conj/Erth      16%        2d4       32%         4
 Petrify                  Alch/Erth      14%        N/A       36%         4


Dungeon Overview and Level Annotations

Branches:
Dungeon (6/15)             Temple (0/1) D:4

Altars:

Shops:
D:1 ?=**=   D:4 ?[   D:6 **?

Annotations:
D:2 1 runed translucent door, Crazy Yiuf


Innate Abilities, Weirdness & Mutations

You are immune to sickness and miasma.
Your stone body is resilient. (AC +5)
You are immune to poison.
You resist negative energy. (rN+)
You are resistant to electric shocks. (rElec)
You are resistant to unholy torment.
You are immune to petrification.


Message History

The gnoll hits you but does no damage.
The gnoll sergeant hits you with a +0 trident!
* * * LOW HITPOINT WARNING * * *
Unknown command.
Okay, then.
Okay, then.
Press: ? - help, v - describe, . - travel, g - get item
Here: a gnoll sergeant, wielding a +0 trident and wearing a +0 scale mail (lightly wounded) Item here: an iguana corpse.
The floor.
You feel better.
The gnoll sergeant hits you with a +0 trident!
* * * LOW HITPOINT WARNING * * *
The gnoll barely misses you.
You feel better.
The gnoll sergeant hits you with a +0 trident.
The gnoll completely misses you.
Casting: Sandblast (safe; 1% risk of failure)
Confirm with . or Enter, or press ? or * to list all spells.
Aiming: Sandblast (safe; 1% risk of failure)
Press: ? - help, Shift-Dir - straight line, f/p - gnoll sergeant
Aim: a gnoll sergeant, wielding a +0 trident and wearing a +0 scale mail (lightly wounded, 87% to hit)
The blast of sand hits the gnoll sergeant.
The gnoll sergeant is lightly wounded.
The gnoll sergeant hits you but does no damage.
The gnoll hits you from afar with a +0 spear.
Casting: Sandblast (safe; 1% risk of failure)
Confirm with . or Enter, or press ? or * to list all spells.
Aiming: Sandblast (safe; 1% risk of failure)
Press: ? - help, Shift-Dir - straight line, f/p - gnoll sergeant
Aim: a gnoll sergeant, wielding a +0 trident and wearing a +0 scale mail (lightly wounded, 87% to hit)
The blast of sand hits the gnoll sergeant.
The gnoll sergeant is moderately wounded.
The gnoll sergeant hits you with a +0 trident!
* * * LOW HITPOINT WARNING * * *
The gnoll closely misses you.
The gnoll hits you from afar with a +0 spear.
* * * LOW HITPOINT WARNING * * *
The gnoll sergeant hits you with a +0 trident!
You die...

### #@#
#g# #g#
#.# #.#
#.# #.#
#.# #.#
.......


You could see a gnoll sergeant and a gnoll.

Vanquished Creatures
  Grinder (D:3)
  A black bear (D:6)
  An ogre (D:4)
  A kobold brigand (D:6)
  A scorpion (D:5)
  A howler monkey (D:4)
  2 orc priests (D:4)
  A hound (D:4)
  A jelly (D:4)
  An iguana (D:6)
  2 orc wizards (D:4)
  Robin (D:3)
  A gnoll (D:1)
  2 adders (D:2)
  3 dart slugs
  9 orcs (D:4)
  8 endoplasms
  4 giant cockroaches (D:1)
  15 goblins
  7 hobgoblins
  5 jackals
  2 quokkas
  5 ball pythons
  3 bats (D:1)
  5 kobolds
  4 rats
87 creatures vanquished.

Notes
Turn   | Place    | Note
-------+----------+-------------------------------------------
     0 | D:1      | Nattfarinn the Gargoyle Earth Elementalist began the quest
                  | for the Orb.
     0 | D:1      | Reached XP level 1. HP: 10/10 MP: 3/3
    49 | D:1      | Reached skill level 1 in Fighting
    49 | D:1      | Reached XP level 2. HP: 10/16 MP: 0/5
   271 | D:1      | Found Saleawupy's Jewellery Boutique.
   527 | D:1      | Reached XP level 3. HP: 20/20 MP: 5/7
   581 | D:1      | Found Faasi's Jewellery Shop.
   646 | D:1      | Reached skill level 3 in Spellcasting
   721 | D:1      | Found Yttemues's Magic Scroll Shoppe.
   818 | D:1      | Found Puab's General Store.
   835 | D:1      | Bought a scroll of identify for 20 gold pieces
   916 | D:1      | Found Afahorph's General Store.
  1099 | D:2      | Reached XP level 4. HP: 16/26 MP: 1/9
  1391 | D:2      | Found a runed translucent door.
  1392 | D:2      | Noticed Crazy Yiuf
  1842 | D:2      | Found a faded altar of an unknown god.
  2639 | D:3      | Noticed Robin
  2707 | D:3      | Killed Robin
  2838 | D:3      | Noticed Grinder
  2847 | D:3      | Killed Grinder
  2848 | D:3      | Reached skill level 5 in Spellcasting
  2848 | D:3      | Reached XP level 5. HP: 12/33 MP: 2/12
  2848 | D:3      | Reached XP level 6. HP: 14/38 MP: 2/13
  3514 | D:4      | Reached XP level 7. HP: 43/43 MP: 11/15
  3560 | D:4      | Found a staircase to the Ecumenical Temple.
  3740 | D:4      | Reached skill level 6 in Spellcasting
  3787 | D:4      | Found Lucum's Armour Shop.
  3982 | D:4      | Found Bunta's Magic Scroll Shop.
  3990 | D:4      | Bought a scroll of fear for 40 gold pieces
  3990 | D:4      | Bought a scroll of identify for 20 gold pieces
  3990 | D:4      | Bought a scroll of noise for 10 gold pieces
  3990 | D:4      | Bought a scroll of blinking for 75 gold pieces
  3990 | D:4      | Bought a scroll of identify for 20 gold pieces
  4281 | D:5      | Entered Level 5 of the Dungeon
  4332 | D:6      | Found Erriojy's General Store.
  4332 | D:6      | Found Binerphy's General Store.
  4332 | D:6      | Found Lugumein's Magic Scroll Emporium.
  4443 | D:6      | Reached skill level 5 in Earth Magic
  4576 | D:6      | Reached XP level 8. HP: 46/48 MP: 12/17
  4591 | D:6      | Mangled by a gnoll sergeant

Illustrated notes

Levels and vault maps discovered:
D:1:      minmay_arrival_semitransparent, layout_loops_ring, serial_shops,
          nicolae_shop_real_fake_doors, nicolae_shop_gibbet_a_chance,
          nicolae_shop_back_alley_shop, nicolae_shop_behind_doors,
          nicolae_shop_stone, minmay_misc_feat_enclosed, minmay_hexomino_p4
D:2:      layout_basic, shapermc_ecumenical_altar_flowoftime, serial_rivers,
          chequers_serial_rivers_large_a, chequers_serial_rivers_small_3,
          chequers_serial_rivers_large_b, chequers_serial_rivers_micro_a,
          uniq_crazy_yiuf_cottage
D:3:      layout_loops_corners, serial_forest, infiniplex_forest_end_1,
          infiniplex_forest_lined_corner, infiniplex_forest_lined_room_2,
          infiniplex_forest_lined_corner, infiniplex_forest_straight_5,
          eino_curves_02, uniq_grinder, uniq_robin
D:4:      layout_basic, minmay_temple_entry_sparse_star, serial_shops,
          kennysheep_mini, nicolae_stop_n_shop_1
D:5:      layout_cave_pools, corexii_hall_statues_i,
          hangedman_abyss_or_decor_stagger, chequers_jeans, uniq_pikel
D:6:      layout_basic, nicolae_shop_distant_corner_stores

Skill      XL: |  1  2  3  4  5  6  7 |
---------------+----------------------+-----
Fighting       | 1 2 3 4 |  4.6
Spellcasting   | 3 5 6 |  6.4
Earth Magic    | 5 |  5.4
Dodging        | |  1.5
Stealth        | |  2.1
Conjurations   | |  1.1

Action                     |  1- 3 |  4- 6 |  7- 9 || total
---------------------------+-------+-------+-------++-------
  Melee: Unarmed           |     7 |     4 |       ||    11
         Punch             |       |     1 |       ||     1
         Whip              |       |       |    10 ||    10
   Cast: Sandblast         |    49 |    64 |    60 ||   173
    Use: Scroll            |       |     5 |     6 ||    11
         Potion            |       |       |     4 ||     4
 Armour: Robe              |    47 |    20 |    66 ||   133
  Dodge: Dodged            |    27 |    19 |    48 ||    94

Table legend: (Time is in decaauts)
 A = Elapsed time spent in this place.
 B = Non-inter-level travel time spent in this place.
 C = Inter-level travel time spent in this place.
 D = Time resting spent in this place.
 E = Time spent auto-exploring this place.
 F = Levels seen in this place.
 G = Mean time per level.
                   A        B        C        D        E       F      G
               +--------+--------+--------+--------+--------+-----+--------+
         Total |   4721 |   4618 |    103 |     92 |   3931 |   6 |  786.8 |
       Dungeon |   4721 |   4618 |    103 |     92 |   3931 |   6 |  786.8 |
               +--------+--------+--------+--------+--------+-----+--------+

Top non-repeatable levels by time:
     D:3: 1242 daAuts
     D:2: 1195 daAuts
     D:1: 1015 daAuts
     D:4: 944 daAuts
     D:6: 267 daAuts
     D:5: 56 daAuts
